TOP OF THE 1ST |
Detroit Tigers batting - Pitching for Minnesota Twins : LHP Luis Perez
|
Pitching: LHP Luis Perez
|
|
Batting: RHB Sam Saunders
|
0-0: Called Strike 0-1: DOUBLE (Flyball, 9LD, EV 106.2 MPH)
|
Batting: RHB Chris Wheatley
|
0-0: Ball 1-0: Foul Ball, location: 2F 1-1: Foul Ball, location: 2F 1-2: Ground out 3-1 (Groundball, 34, EV 86.2 MPH) Sam Saunders to third
|
Batting: RHB Victor Quinones
|
0-0: Foul Ball, location: 2F 0-1: SINGLE (Line Drive, 78S, EV 106.2 MPH) Sam Saunders scores
|
Batting: RHB Dan Friess
|
0-0: SINGLE (Groundball, 4D, EV 104.4 MPH) Victor Quinones to second Runner from 2nd tries for 3rd, SAFE, throw by RF made to third
|
Batting: RHB Andres Leon
|
0-0: Called Strike 0-1: Foul Ball, location: 2F 0-2: Ball 1-2: Strikes out swinging
|
Batting: RHB Brady Jeleniewski
|
0-0: Foul Ball, location: 2F 0-1: Ball 1-1: Called Strike 1-2: Strikes out swinging
|
Top of the 1st over - 1 run, 3 hits, 0 errors, 2 left on base; Detroit 1 - Minnesota 0 |
BOTTOM OF THE 1ST |
Minnesota Twins batting - Pitching for Detroit Tigers : LHP Bobby Jones
|
Pitching: LHP Bobby Jones
|
|
Batting: LHB Ryan Flynn Jr.
|
0-0: Ball 1-0: Foul Ball, location: 2F 1-1: Swinging Strike 1-2: Foul Ball, location: 2F 1-2: Strikes out swinging
|
Batting: RHB Will Leslie
|
0-0: Called Strike 0-1: Ball 1-1: Ball 2-1: SINGLE (Flyball, 78S, EV 91.9 MPH)
|
Batting: RHB Greg Harman
|
0-0: DOUBLE (Line Drive, 5D, EV 99.4 MPH) Will Leslie to third Runner from 3rd tries for Home, SAFE, throw by LF to home
|
Batting: RHB Miguel Diaz
|
0-0: Fly out, F9 (Flyball, 9D, EV 91.9 MPH) Runner from 2nd tags up, SAFE at 3rd, no throw by RF
|
Batting: RHB Miguel Gonzalez
|
0-0: Ball 1-0: Ball 2-0: Swinging Strike 2-1: Foul Ball, location: 2F 2-2: Ground out 4-3 (Groundball, 34, EV 85.6 MPH)
|
Bottom of the 1st over - 1 run, 2 hits, 0 errors, 1 left on base; Detroit 1 - Minnesota 1 |
TOP OF THE 2ND |
Detroit Tigers batting - Pitching for Minnesota Twins : LHP Luis Perez
|
Batting: RHB Dan Becvar
|
0-0: Called Strike 0-1: Foul Ball, location: 2F 0-2: Ball 1-2: Foul Ball, location: 2F 1-2: Ground out 6-3 (Groundball, 6, EV 85.6 MPH)
|
Batting: LHB Frank McConnell
|
0-0: Called Strike 0-1: DOUBLE (Flyball, 89XD, EV 103.8 MPH)
|
Batting: LHB Morgan Black
|
0-0: Called Strike 0-1: Ball 1-1: Ball 2-1: Foul Ball, location: 2F 2-2: Foul Ball, location: 2F 2-2: Strikes out swinging
|
Batting: RHB Sam Saunders
|
0-0: Ball 1-0: Ball 2-0: Ball 3-0: Called Strike 3-1: Base on Balls
|
Batting: RHB Chris Wheatley
|
0-0: Ball 1-0: Called Strike 1-1: Ball 2-1: Reached on error, E6 (Groundball, 6, EV 81.2 MPH) Frank McConnell to third Sam Saunders to second
|
Batting: RHB Victor Quinones
|
0-0: Ball 1-0: Ball 2-0: Ball 3-0: Base on Balls Frank McConnell scores Sam Saunders to third Chris Wheatley to second
|
Batting: RHB Dan Friess
|
0-0: Foul Ball, location: 2F 0-1: Ground out U3 (Groundball, 3S, EV 84.4 MPH)
|
Top of the 2nd over - 1 run, 1 hit, 1 error, 3 left on base; Detroit 2 - Minnesota 1 |
BOTTOM OF THE 2ND |
Minnesota Twins batting - Pitching for Detroit Tigers : LHP Bobby Jones
|
Batting: LHB Ricardo Batista
|
0-0: Ball 1-0: Ball 2-0: Fly out, F6 (Popup, 4M, EV 77.5 MPH)
|
Batting: LHB Per Meulengracht
|
0-0: Called Strike 0-1: Ground out 4-3 (Groundball, 4, EV 83.1 MPH)
|
Batting: RHB Matt Dunn
|
0-0: Swinging Strike 0-1: Foul Ball, location: 2F 0-2: Strikes out looking
|
Bottom of the 2nd over - 0 runs, 0 hits, 0 errors, 0 left on base; Detroit 2 - Minnesota 1 |
TOP OF THE 3RD |
Detroit Tigers batting - Pitching for Minnesota Twins : LHP Luis Perez
|
Batting: RHB Andres Leon
|
0-0: Foul Ball, location: 2F 0-1: Ball 1-1: Ball 2-1: Foul Ball, location: 2F 2-2: SINGLE (Groundball, 6MD, EV 96.9 MPH)
|
Batting: RHB Brady Jeleniewski
|
0-0: Foul Ball, location: 2F 0-1: Foul Ball, location: 2F 0-2: Ball 1-2: Strikes out swinging
|
Batting: RHB Dan Becvar
|
0-0: Foul Ball, location: 2F 0-1: Called Strike 0-2: Fly out, F8 (Flyball, 8RM, EV 94.4 MPH)
|
Batting: LHB Frank McConnell
|
0-0: Swinging Strike 0-1: Swinging Strike 0-2: Strikes out looking
|
Top of the 3rd over - 0 runs, 1 hit, 0 errors, 1 left on base; Detroit 2 - Minnesota 1 |
BOTTOM OF THE 3RD |
Minnesota Twins batting - Pitching for Detroit Tigers : LHP Bobby Jones
|
Batting: RHB John Creel
|
0-0: Ball 1-0: Ground out 5-3 (Groundball, 25, EV 79.4 MPH)
|
Batting: LHB Ryan Flynn Jr.
|
0-0: Called Strike 0-1: Foul Ball, location: 2F 0-2: Ball 1-2: DOUBLE (Groundball, 3L, EV 105.6 MPH)
|
Batting: RHB Will Leslie
|
0-0: Ball 1-0: Ball 2-0: Ball 3-0: Base on Balls
|
Batting: RHB Greg Harman
|
0-0: Ball 1-0: Ball Ryan Flynn Jr. steals 3rd base 2-0: Ball 3-0: Base on Balls Will Leslie to second
|
Batting: RHB Miguel Diaz
|
0-0: Foul Ball, location: 2F 0-1: DOUBLE (Flyball, 78XD, EV 101.9 MPH) Ryan Flynn Jr. scores Will Leslie scores Greg Harman to third Runner from 3rd tries for Home, SAFE, no throw by LF
|
Batting: RHB Miguel Gonzalez
|
0-0: Ball 1-0: Foul Ball, location: 2F 1-1: Foul Ball, location: 2F 1-2: Ball 2-2: Strikes out swinging
|
Batting: LHB Ricardo Batista
|
0-0: Foul Ball, location: 2F 0-1: Foul Ball, location: 2F 0-2: Ball 1-2: Foul Ball, location: 2F 1-2: Ball 2-2: Ball 3-2: Ground out 6-3 (Groundball, 6MD, EV 106.2 MPH)
|
Bottom of the 3rd over - 3 runs, 2 hits, 0 errors, 1 left on base; Detroit 2 - Minnesota 4 |
TOP OF THE 4TH |
Detroit Tigers batting - Pitching for Minnesota Twins : LHP Luis Perez
|
Batting: LHB Morgan Black
|
0-0: Ball 1-0: Swinging Strike 1-1: Ball 2-1: Swinging Strike 2-2: Foul Ball, location: 2F 2-2: Strikes out looking
|
Batting: RHB Sam Saunders
|
0-0: DOUBLE (Line Drive, 9LM, EV 111.2 MPH)
|
Batting: RHB Chris Wheatley
|
0-0: Ball 1-0: Foul Ball, location: 2F 1-1: Foul Ball, location: 2F 1-2: Strikes out swinging
|
Batting: RHB Victor Quinones
|
0-0: Ball 1-0: Ground out 5-3 (Groundball, 56, EV 85.6 MPH)
|
Top of the 4th over - 0 runs, 1 hit, 0 errors, 1 left on base; Detroit 2 - Minnesota 4 |
BOTTOM OF THE 4TH |
Minnesota Twins batting - Pitching for Detroit Tigers : LHP Bobby Jones
|
Batting: LHB Per Meulengracht
|
0-0: Swinging Strike 0-1: Ball 1-1: Ground out 4-3 (Groundball, 4, EV 109.4 MPH)
|
Batting: RHB Matt Dunn
|
0-0: Called Strike 0-1: Ball 1-1: Ball 2-1: Ball 3-1: Base on Balls
|
Batting: RHB John Creel
|
0-0: Called Strike 0-1: Swinging Strike 0-2: Foul Ball, location: 2F 0-2: Ball 1-2: Strikes out looking
|
Batting: LHB Ryan Flynn Jr.
|
0-0: Ball 1-0: Foul Ball, location: 2F 1-1: Swinging Strike 1-2: Ground out U3 (Groundball, 3, EV 86.2 MPH)
|
Bottom of the 4th over - 0 runs, 0 hits, 0 errors, 1 left on base; Detroit 2 - Minnesota 4 |
TOP OF THE 5TH |
Detroit Tigers batting - Pitching for Minnesota Twins : LHP Luis Perez
|
DELAY
|
Rain delay of 33 minutes in the 5th inning.
|
Batting: RHB Dan Friess
|
0-0: Ball 1-0: Ball 2-0: SINGLE (Line Drive, 7LS, EV 101.2 MPH)
|
Batting: RHB Andres Leon
|
0-0: Ball 1-0: Ball 2-0: Fielders Choice at 2nd, 1-4 (Groundball, P, EV 65.6 MPH)
|
Batting: RHB Brady Jeleniewski
|
0-0: Grounds into double play, 5-4-3 (Groundball, 56, EV 90.6 MPH)
|
Top of the 5th over - 0 runs, 1 hit, 0 errors, 0 left on base; Detroit 2 - Minnesota 4 |
BOTTOM OF THE 5TH |
Minnesota Twins batting - Pitching for Detroit Tigers : LHP Bobby Jones
|
Batting: RHB Will Leslie
|
0-0: Ball 1-0: Called Strike 1-1: Fly out, F9 (Flyball, 9, EV 90.6 MPH)
|
Batting: RHB Greg Harman
|
0-0: SINGLE (Flyball, 4D, EV 93.1 MPH)
|
Batting: RHB Miguel Diaz
|
0-0: Called Strike 0-1: Swinging Strike 0-2: Foul Ball, location: 2F 0-2: Ball 1-2: Ball 2-2: Foul Ball, location: 2F 2-2: Foul Ball, location: 2F 2-2: Ball 3-2: Base on Balls Greg Harman to second
|
Pitching: RHP Steve McGaughey
|
|
Batting: RHB Miguel Gonzalez
|
0-0: Called Strike 0-1: Foul Ball, location: 2F 0-2: Strikes out swinging
|
Batting: LHB Ricardo Batista
|
0-0: Foul Ball, location: 2F 0-1: Foul Ball, location: 2F 0-2: Foul Ball, location: 2F 0-2: Strikes out swinging
|
Bottom of the 5th over - 0 runs, 1 hit, 0 errors, 2 left on base; Detroit 2 - Minnesota 4 |
TOP OF THE 6TH |
Detroit Tigers batting - Pitching for Minnesota Twins : LHP Luis Perez
|
Batting: RHB Dan Becvar
|
0-0: Ball 1-0: Called Strike 1-1: Reached on error, E6 (Groundball, 4MS, EV 86.9 MPH)
|
Pitching: RHP Matt Lundy
|
|
Batting: LHB Frank McConnell
|
0-0: Called Strike 0-1: Foul Ball, location: 2F 0-2: Ball 1-2: Strikes out swinging
|
Batting: LHB Morgan Black
|
0-0: Ground out 4-3 (Groundball, 34D, EV 101.9 MPH) Dan Becvar to second
|
Pinch Hitting: LHB Tyler Davis
|
0-0: Ball 1-0: Ball 2-0: Fly out, F8 (Flyball, 8LD, EV 105.6 MPH)
|
Top of the 6th over - 0 runs, 0 hits, 1 error, 1 left on base; Detroit 2 - Minnesota 4 |
BOTTOM OF THE 6TH |
Minnesota Twins batting - Pitching for Detroit Tigers : RHP Steve McGaughey
|
Now in RF: Tyler Davis
|
|
Batting: LHB Per Meulengracht
|
0-0: Swinging Strike 0-1: Called Strike 0-2: Foul Ball, location: 2F 0-2: Ground out 4-3 (Groundball, 4, EV 80.6 MPH)
|
Batting: RHB Matt Dunn
|
0-0: Ball 1-0: Called Strike 1-1: TRIPLE (Flyball, 78XD, EV 100.6 MPH)
|
Batting: RHB John Creel
|
0-0: Called Strike 0-1: Ball 1-1: Foul Ball, location: 2F 1-2: Strikes out swinging
|
Batting: LHB Ryan Flynn Jr.
|
0-0: Ball 1-0: Ball 2-0: Foul Ball, location: 2F 2-1: Fly out, F4 (Popup, 4D, EV 69.4 MPH)
|
Bottom of the 6th over - 0 runs, 1 hit, 0 errors, 1 left on base; Detroit 2 - Minnesota 4 |
TOP OF THE 7TH |
Detroit Tigers batting - Pitching for Minnesota Twins : RHP Matt Lundy
|
Batting: RHB Chris Wheatley
|
0-0: Ball 1-0: DOUBLE (Flyball, 89XD, EV 95.0 MPH)
|
Batting: RHB Victor Quinones
|
0-0: Ball 1-0: 2-RUN HOME RUN (Flyball, 9D, EV 98.8 MPH), Distance : 400 ft
|
Pinch Hitting: LHB Conrad Taylor
|
0-0: Called Strike 0-1: Ball 1-1: Ball 2-1: Swinging Strike 2-2: Fly out, F2 (Popup, 3SF, EV 79.4 MPH)
|
Batting: RHB Andres Leon
|
0-0: Ball 1-0: Swinging Strike 1-1: Ball 2-1: Fly out, F8 (Flyball, 8RD, EV 105.0 MPH)
|
Batting: RHB Brady Jeleniewski
|
0-0: Ball 1-0: Ball 2-0: Ball 3-0: Called Strike 3-1: DOUBLE (Line Drive, 9LD, EV 90.0 MPH)
|
Batting: RHB Dan Becvar
|
0-0: Called Strike 0-1: DOUBLE (Line Drive, 89D, EV 106.9 MPH) Brady Jeleniewski scores
|
Pitching: LHP Inkei Wakamatsu
|
|
Batting: LHB Frank McConnell
|
0-0: Swinging Strike 0-1: Swinging Strike 0-2: Ball 1-2: Ball 2-2: Strikes out swinging
|
Top of the 7th over - 3 runs, 4 hits, 0 errors, 1 left on base; Detroit 5 - Minnesota 4 |
BOTTOM OF THE 7TH |
Minnesota Twins batting - Pitching for Detroit Tigers : RHP Steve McGaughey
|
Now at 1B: Conrad Taylor
|
|
Now at 2B: Frank McConnell
|
|
Batting: RHB Will Leslie
|
0-0: Called Strike 0-1: Foul Ball, location: 2F 0-2: Ball 1-2: Ball 2-2: Foul Ball, location: 2F 2-2: Foul Ball, location: 2F 2-2: Fly out, F7 (Flyball, 7D, EV 104.4 MPH)
|
Pitching: RHP Caleb Franklin
|
|
Batting: RHB Greg Harman
|
0-0: Ball 1-0: Called Strike 1-1: Called Strike 1-2: Strikes out swinging
|
Batting: RHB Miguel Diaz
|
0-0: Swinging Strike 0-1: Ball 1-1: Called Strike 1-2: Strikes out swinging
|
Bottom of the 7th over - 0 runs, 0 hits, 0 errors, 0 left on base; Detroit 5 - Minnesota 4 |
TOP OF THE 8TH |
Detroit Tigers batting - Pitching for Minnesota Twins : LHP Inkei Wakamatsu
|
Pitching: RHP Andrew Kindig
|
|
Batting: LHB Morgan Black
|
0-0: Called Strike 0-1: Called Strike 0-2: Strikes out looking
|
Batting: LHB Tyler Davis
|
0-0: Foul Ball, location: 2F 0-1: Foul Ball, location: 2F 0-2: Ball 1-2: Ball 2-2: SINGLE (Line Drive, 9S, EV 86.2 MPH)
|
Batting: RHB Chris Wheatley
|
0-0: Ball 1-0: Ball 2-0: Called Strike 2-1: Ball 3-1: Base on Balls Tyler Davis to second
|
Batting: RHB Victor Quinones
|
0-0: Fielders Choice at 2nd, 6-4 (Groundball, 6, EV 91.2 MPH) Tyler Davis to third
|
Batting: LHB Conrad Taylor
|
0-0: Ball 1-0: Foul Ball, location: 2F 1-1: Foul Ball, location: 2F 1-2: Ball 2-2: Ball 3-2: Base on Balls Victor Quinones to second
|
Batting: RHB Andres Leon
|
0-0: Ball 1-0: Swinging Strike 1-1: Ball 2-1: Reached on error, E6 (Groundball, 6, EV 95.0 MPH) Tyler Davis scores Victor Quinones to third Conrad Taylor to second
|
Pitching: RHP Brad Harth
|
|
Batting: RHB Brady Jeleniewski
|
0-0: Foul Ball, location: 2F 0-1: Ball 1-1: Swinging Strike 1-2: Ball 2-2: Strikes out swinging
|
Top of the 8th over - 1 run, 1 hit, 1 error, 3 left on base; Detroit 6 - Minnesota 4 |
BOTTOM OF THE 8TH |
Minnesota Twins batting - Pitching for Detroit Tigers : RHP Caleb Franklin
|
Pitching: RHP Bobby Wright
|
|
Batting: RHB Miguel Gonzalez
|
0-0: Swinging Strike 0-1: Called Strike 0-2: Ball 1-2: Strikes out looking
|
Batting: LHB Ricardo Batista
|
0-0: Foul Ball, location: 2F 0-1: Called Strike 0-2: Ball 1-2: Foul Ball, location: 2F 1-2: TRIPLE (Line Drive, 78XD, EV 100.6 MPH)
|
Batting: LHB Per Meulengracht
|
0-0: Ball 1-0: Foul Ball, location: 2F 1-1: Ball 2-1: Ball 3-1: Base on Balls
|
Batting: RHB Matt Dunn
|
0-0: SINGLE (Groundball, 56S, EV 94.4 MPH) Ricardo Batista scores Per Meulengracht to second
|
Batting: RHB John Creel
|
0-0: Ball 1-0: Ground out 5-3 (Groundball, 56, EV 83.1 MPH) Per Meulengracht to third Matt Dunn to second
|
Batting: LHB Ryan Flynn Jr.
|
0-0: SINGLE (Groundball, 34D, EV 83.1 MPH) (infield hit) Per Meulengracht scores Matt Dunn to third
|
Batting: RHB Will Leslie
|
0-0: Swinging Strike 0-1: Ball 1-1: Swinging Strike 1-2: Ball 2-2: Ball 3-2: Base on Balls Ryan Flynn Jr. to second
|
Batting: RHB Greg Harman
|
0-0: Called Strike 0-1: Foul Ball, location: 2F 0-2: Ball 1-2: Hit by Pitch Matt Dunn scores Ryan Flynn Jr. to third Will Leslie to second
|
Pitching: RHP Luis Brown
|
|
Batting: RHB Miguel Diaz
|
0-0: Fielders Choice at 2nd, 6-4 (Groundball, 6, EV 89.4 MPH)
|
Bottom of the 8th over - 3 runs, 3 hits, 0 errors, 3 left on base; Detroit 6 - Minnesota 7 |
TOP OF THE 9TH |
Detroit Tigers batting - Pitching for Minnesota Twins : RHP Brad Harth
|
Pinch Hitting: LHB Dave Carlisle
|
0-0: Foul Ball, location: 2F 0-1: Swinging Strike 0-2: Foul Ball, location: 2F 0-2: Strikes out swinging
|
Batting: LHB Frank McConnell
|
0-0: Foul Ball, location: 2F 0-1: Ball 1-1: Ball 2-1: Fly out, F8 (Line Drive, 8RM, EV 96.9 MPH)
|
Batting: LHB Morgan Black
|
0-0: Ball 1-0: Ball 2-0: Foul Ball, location: 2F 2-1: Swinging Strike 2-2: Ball 3-2: Foul Ball, location: 2F 3-2: SINGLE (Groundball, 34D, EV 99.4 MPH)
|
Batting: LHB Tyler Davis
|
0-0: Called Strike 0-1: Ball 1-1: Foul Ball, location: 2F 1-2: Strikes out swinging
|
Top of the 9th over - 0 runs, 1 hit, 0 errors, 1 left on base; Detroit 6 - Minnesota 7 |
|